 Dungeon Crawl Stone Soup version 0.18.1-48-g4cf74bf (webtiles) character file.

9009 tyranidshit the Fighter (level 11, -8/110 HPs)
             Began as a Deep Dwarf Necromancer on July 10, 2016.
             Was a High Priest of Makhleb.
             Killed from afar by a gargoyle (18 damage)
             ... with a stone arrow
             ... in a volcano.
             The game lasted 01:12:20 (8482 turns).

tyranidshit the Fighter (Deep Dwarf Necromancer)    Turns: 8482, Time: 01:12:25

Health: -8/110     AC: 18    Str: 11    XL:     11   Next: 17%
Magic:  10/20      EV: 12    Int: 20    God:    Makhleb [*****.]
Gold:   193        SH:  0    Dex: 13    Spells: 4 memorised, 18 levels left

rFire  + . .     SeeInvis .     e - +3 hand axe (elec)
rCold  . . .     Gourm    .     s - +4 ring mail "Wumn" {rF+ Stlth+}
rNeg   + . .     Faith    .     (no shield)
rPois  .         Spirit   .     g - +2 helmet
rElec  .         Dismiss  .     (no cloak)
rCorr  .         Reflect  .     m - +2 pair of gloves
SustAt .         Harm     .     t - +2 pair of boots {Stlth+}
MR     +....                    (no amulet)
Stlth  +++.......               E - ring of wizardry
                                d - ring of positive energy

@: non-regenerating, somewhat resistant to hostile enchantments, fairly stealthy
A: damage resistance, recharge devices, sense surroundings 2, slow regeneration
3
a: Device Recharging, Minor Destruction, Lesser Servant of Makhleb, Major
Destruction, Greater Servant of Makhleb, Renounce Religion


You were in a volcano.
You worshipped Makhleb.
Makhleb was extremely pleased with you.
You were not hungry.

You visited 3 branches of the dungeon, and saw 12 of its levels.
You also visited: Sewer and Volcano.

You collected 509 gold pieces.
You spent 316 gold pieces at shops.

Inventory:

Hand Weapons
 e - a +3 hand axe of electrocution (weapon)
 p - a +2 dagger of flaming
 F - a +2 dagger of chaos
 K - the +2 shortbow "Kafecishayto" {flame, rF+ Int+3 SInv}
   (You acquired it on level 2 of the Lair of Beasts)

   It causes projectiles fired from it to burn those they strike, causing extra
   injury to most foes and up to half again as much damage against particularly
   susceptible opponents.
   It affects your intelligence (+3).
   It protects you from fire.
   It lets you see invisible.
Missiles
 M - 27 arrows
Armour
 g - a +2 helmet (worn)
 h - a +0 leather armour
 m - a +2 pair of gloves (worn)
 s - the +4 ring mail "Wumn" (worn) {rF+ Stlth+}
   (You found it on level 6 of the Dungeon)

   It protects you from fire.
   It makes you more stealthy.
 t - a +2 pair of boots of stealth (worn)
 u - the +0 scale mail "Qaps" {Regen+ MP+9 Dex+2}
   (You found it on level 7 of the Dungeon)

   It affects your dexterity (+2).
   It affects your magic capacity (+9).
   It increases your rate of regeneration.
 z - a +0 robe
Jewellery
 d - a ring of positive energy (left hand)
 j - an uncursed amulet of the gourmand
 C - an uncursed ring of flight
 E - a ring of wizardry (right hand)
 I - an uncursed ring of poison resistance {unknown}
Wands
 c - a wand of heal wounds (2/9)
 r - a wand of hasting (0/9)
 v - a wand of paralysis (15/24)
 J - a wand of iceblast (5/15)
 L - a wand of polymorph (12/24)
Scrolls
 f - 2 scrolls of immolation
 i - 13 scrolls of identify
 l - 2 scrolls of remove curse
 y - a scroll of blinking
 A - 5 scrolls of amnesia
Potions
 o - 2 potions of might
 q - a potion of mutation
 x - 2 potions of brilliance
 G - 2 potions of magic
 H - a potion of berserk rage
Books
 a - a book of the Dragon

   Spells                             Type                      Level
   a - Flame Tongue                   Conjuration/Fire             1
   b - Cause Fear                     Hexes                        4
   c - Bolt of Fire                   Conjuration/Fire             6
   d - Dragon Form                    Transmutation                7
   e - Dragon's Call                  Summoning                    9
 b - a book of Necromancy

   Spells                             Type                      Level
   a - Pain                           Necromancy                   1
   b - Animate Skeleton               Necromancy                   1
   c - Vampiric Draining              Necromancy                   3
   d - Regeneration                   Charms/Necromancy            3
   e - Animate Dead                   Necromancy                   4
   f - Control Undead                 Necromancy                   4
Comestibles
 k - a bread ration
 n - 6 meat rations
 w - 24 fruits
 B - a royal jelly
 D - 9 slices of pizza


   Skills:
 - Level 10.4 Fighting
 + Level 5.3 Dodging
 - Level 2.4 Stealth
 - Level 10.0 Spellcasting
 + Level 6.4 Necromancy


You had 18 spell levels left.
You knew the following spells:

 Your Spells              Type           Power        Failure   Level  Hunger
a - Pain                  Necr           ####         1%          1    None
b - Vampiric Draining     Necr           #####.....   1%          3    None
c - Animate Dead          Necr           N/A          6%          4    ##.....
d - Control Undead        Necr           #####.....   6%          4    ##.....


Dungeon Overview and Level Annotations

Branches:
Dungeon (9/15)             Temple (1/1) D:7            Lair (2/8) D:8
    Orc: D:9-12

Altars:
Ashenzari
Cheibriados
Elyvilon
Gozag
Kikubaaqudgha
Makhleb
Okawaru
Pakellas
Ru
Sif Muna
Zin
The Shining One

Shops:
D:6 [[[   D:8 !

Annotations:
D:5 junkhipster's ghost, novice GrFi


Innate Abilities, Weirdness & Mutations

You are resistant to damage.
You can recharge devices by infusing magical energy.
You passively map the area around you.
You do not regenerate naturally.


Message History

The ground shudders ominously.
The gargoyle hits you but does no damage.
You hit the gargoyle but do no damage.
The gargoyle is moderately damaged.
The gargoyle hits you but does no damage.
You hit the gargoyle.
The gargoyle is moderately damaged.
The gargoyle hits you but does no damage.
You hit the gargoyle but do no damage.
The gargoyle is moderately damaged.
The gargoyle hits you with a mace!
* * * LOW HITPOINT WARNING * * *
You hit the gargoyle.
The gargoyle is heavily damaged.
The gargoyle hurls a stone arrow at you.
The stone arrow hits you!
* * * LOW HITPOINT WARNING * * *
The gargoyle hurls a stone arrow at you.
The stone arrow hits you!
You die...

#### ##### ##..###
##...####..[..### *
###...............### *
#(.9@.......§..).....
#..!)..≈......≈≈..[....
(.....≈≈§≈....≈≈≈≈≈≈....
#(....≈≈≈≈§≈≈§≈§≈≈≈≈≈§≈≈
###....≈§≈≈§≈§§≈≈≈≈≈≈≈≈≈
##....≈§§..≈≈≈≈§§≈≈...
##....§....≈≈§§≈≈§...
#..........≈≈≈§.§...
#...!....[..).?. ,,


You could see a gargoyle.

Vanquished Creatures
  Sonja (Lair:1)
  A black mamba (Lair:1)
  The ghost of asdu the Firebug, a novice DEFE of Vehumet (D:8)
  Psyche (D:9)
  3 komodo dragons
  Prince Ribbit (D:9)
  8 yaks
  A wyvern (D:7)
  Edmund (D:4)
  2 water moccasins (Lair:1)
  2 porcupines (Lair:1)
  An orc warrior (D:9)
  2 ice beasts (D:7)
  4 phantoms
  4 ogres
  7 centaurs
  2 crocodiles (Lair:2)
  4 big kobolds
  9 giant frogs
  A water moccasin skeleton (D:7)
  2 scorpions
  5 killer bees (D:9)
  5 wights (D:7)
  The ghost of junkhipster the Shield-Bearer, a weakling GrFi (D:3)
  A howler monkey (D:5)
  4 electric eels (D:7)
  A centaur zombie (D:6)
  6 crimson imps
  2 centaur skeletons
  6 hounds
  2 jellies
  3 orc priests
  3 orc wizards
  2 iguanas
  5 worker ants
  A killer bee zombie (D:6)
  2 sheep (D:9)
  A mummy (D:5)
  A howler monkey zombie (D:9)
  3 gnolls (D:5)
  2 river rats
  15 adders
  A shadow imp (D:5)
  An adder skeleton (D:6)
  3 worms
  11 dart slugs
  12 giant geckos
  13 orcs
  4 bat zombies (D:2)
  11 giant cockroaches
  3 goblins
  5 hobgoblins
  9 jackals
  8 quokkas
  6 ball pythons
  8 bats
  A giant gecko skeleton (D:4)
  9 giant newts
  A jackal skeleton (D:8)
  A jackal zombie (D:7)
  13 kobolds
  A quokka skeleton (D:8)
  A quokka zombie (D:8)
  10 rats
  A rat zombie (D:2)
  4 fungi
  5 plants
271 creatures vanquished.

Vanquished Creatures (collateral kills)
  A torpor snail (Lair:2)
  A yak (Lair:2)
  A crocodile (Lair:2)
3 creatures vanquished.

Vanquished Creatures (others)
  A giant gecko skeleton (D:4)
  A fungus (D:8)
2 creatures vanquished.

Grand Total: 276 creatures vanquished

Notes
Turn   | Place    | Note
--------------------------------------------------------------
     0 | D:1      | tyranidshit the Deep Dwarf Necromancer began the quest for the Orb.
     0 | D:1      | Reached XP level 1. HP: 15/15 MP: 3/3
   144 | D:1      | Reached skill level 1 in Fighting
   155 | D:1      | Reached XP level 2. HP: 20/25 MP: 5/5
   652 | D:2      | Reached XP level 3. HP: 23/31 MP: 6/6
   657 | D:2      | Learned a level 3 spell: Vampiric Draining
   684 | D:2      | Found a faded altar to an unknown god.
   864 | D:2      | Reached XP level 4. HP: 35/39 MP: 8/8
   866 | D:2      | Found an ancient bone altar of Kikubaaqudgha.
   973 | D:2      | Found a glowing golden altar of the Shining One.
  1376 | D:3      | Noticed junkhipster's ghost (weakling GrFi)
  1388 | D:3      | HP: 2/40 [junkhipster's ghost (10)]
  1622 | D:4      | Reached XP level 5. HP: 25/48 MP: 2/10
  1644 | D:4      | Found a white marble altar of Elyvilon.
  1703 | D:4      | Noticed an ogre
  1723 | D:4      | Killed an ogre
  1776 | D:4      | Found a glowing drain.
  1794 | D:4      | Reached XP level 6. HP: 31/56 MP: 1/12
  1808 | Sewer    | Entered a sewer
  2109 | D:4      | Noticed Edmund
  2127 | D:4      | Killed Edmund
  2127 | D:4      | Reached XP level 7. HP: 30/66 MP: 1/14
  2246 | D:4      | Found an iron altar of Okawaru.
  2279 | D:4      | Found a burning altar of Makhleb.
  2287 | D:4      | Became a worshipper of Makhleb the Destroyer
  2329 | D:4      | HP: 1/66 [ogre/giant club (28)]
  2353 | D:5      | Entered Level 5 of the Dungeon
  2379 | D:5      | Reached skill level 5 in Spellcasting
  2415 | D:5      | Reached skill level 5 in Fighting
  2582 | D:5      | Noticed junkhipster's ghost (novice GrFi)
  2788 | D:6      | Reached XP level 8. HP: 34/76 MP: 0/15
  2794 | D:6      | Reached * piety under Makhleb
  2913 | D:6      | Got a bloodstained ring mail
  2924 | D:6      | Identified the +4 ring mail "Wumn" {rF+ Stlth+} (You found it on level 6 of the Dungeon)
  3015 | D:6      | Found Inla's Armour Shop.
  3056 | D:6      | Found Neleyhai's Armour Shoppe.
  3066 | D:6      | Found Latutsus's Armour Shoppe.
  3224 | D:6      | Found a glowing silver altar of Zin.
  3225 | D:6      | Found an opulent altar of Gozag.
  3542 | D:6      | Bought a +2 pair of boots of stealth for 279 gold pieces
  3694 | D:7      | Found a staircase to the Ecumenical Temple.
  3706 | Temple   | Entered the Ecumenical Temple
  3749 | D:7      | Got a slimy scale mail
  3760 | D:7      | Identified the +0 scale mail "Qaps" {Regen+ MP+9 Dex+2} (You found it on level 7 of the Dungeon)
  3825 | D:7      | Found a deep blue altar of Sif Muna.
  3907 | D:7      | Found a sacrificial altar of Ru.
  3965 | Temple   | Reached ** piety under Makhleb
  3966 | Temple   | Gained mutation: You passively map the area around you. [Deep Dwarf growth]
  3966 | Temple   | Reached XP level 9. HP: 53/86 MP: 4/18
  4409 | D:7      | Found a shattered altar of Ashenzari.
  4650 | D:8      | Found Utery's Distillery.
  4661 | D:8      | Bought a potion of mutation for 37 gold pieces
  4687 | D:8      | Noticed asdu's ghost (novice DEFE)
  5086 | D:3      | Reached *** piety under Makhleb
  5123 | D:3      | Killed junkhipster's ghost
  5165 | D:3      | Found an oddly glowing altar of Pakellas.
  5474 | D:5      | Found a snail-covered altar of Cheibriados.
  5978 | D:8      | Found a staircase to the Lair.
  6127 | D:9      | Noticed Psyche
  6137 | D:9      | Killed Psyche
  6154 | D:9      | Noticed Prince Ribbit
  6180 | D:9      | Killed Prince Ribbit
  6180 | D:9      | Reached **** piety under Makhleb
  6220 | D:9      | Reached XP level 10. HP: 55/99 MP: 0/20
  6481 | D:9      | Noticed a three-headed hydra
  6544 | D:8      | Killed asdu's ghost
  7188 | D:7      | Reached skill level 10 in Fighting
  7224 | D:7      | Reached ***** piety under Makhleb
  7399 | Lair:1   | Entered Level 1 of the Lair of Beasts
  7399 | Lair:1   | Noticed Sonja
  7415 | Lair:1   | Killed Sonja
  7549 | Lair:1   | Reached skill level 10 in Spellcasting
  7679 | Lair:1   | Noticed a black mamba
  7686 | Lair:1   | Killed a black mamba
  7686 | Lair:1   | Reached skill level 5 in Necromancy
  7741 | Lair:1   | Noticed a spiny frog
  8059 | Lair:1   | Learned a level 4 spell: Animate Dead
  8064 | Lair:1   | Learned a level 4 spell: Control Undead
  8141 | Lair:2   | Reached XP level 11. HP: 100/110 MP: 13/21
  8182 | Lair:2   | Identified a scroll of acquirement
  8185 | Lair:2   | Got an iridescent shortbow
  8223 | Lair:2   | Identified the +2 shortbow "Kafecishayto" {flame, rF+ Int+3 SInv} (You acquired it on level 2 of the Lair of Beasts)
  8393 | Lair:2   | Reached skill level 5 in Dodging
  8436 | Lair:2   | Found a dark tunnel.
  8445 | Volcano  | Entered a volcano
  8482 | Volcano  | Killed from afar by a gargoyle

Skill      XL: |  1  2  3  4  5  6  7  8  9 10 11 |
---------------+----------------------------------+-----
Spellcasting   | 2 3 4 5 7 8 10 | 10.0
Fighting       | 1 2 3 4 5 7 9 10 | 10.4
Dodging        | 4 5 |  5.3
Necromancy     | 5 6 |  6.4
Stealth        | |  2.4

Action                   |  1- 3 |  4- 6 |  7- 9 | 10-12 || total
-------------------------+-------+-------+-------+-------++-------
Melee: Hand axe          |    53 |   111 |   316 |   204 ||   684
 Fire: Shortbow          |       |       |       |    10 ||    10
 Cast: Pain              |    13 |    22 |    14 |    40 ||    89
       Vampiric Draining |     2 |    16 |    89 |    68 ||   175
       Animate Dead      |       |       |       |     4 ||     4
 Abil: Device Recharging |       |       |     2 |     3 ||     5
Evoke: Wand              |       |     2 |    14 |    12 ||    28
  Use: Potion            |     2 |     3 |     4 |     2 ||    11
       Scroll            |     2 |     6 |    12 |     5 ||    25
 Stab: Sleeping          |     4 |     1 |     3 |     2 ||    10
  Eat: Bread ration      |       |     2 |     1 |     2 ||     5
       Fruit             |       |     1 |     2 |       ||     3
       Meat ration       |       |       |     2 |       ||     2
Armor: Robe              |    26 |    45 |    16 |       ||    87
       Ring mail         |       |       |    99 |    52 ||   151
       Leather armour    |       |       |    95 |    87 ||   182
Dodge: Dodged            |    36 |   116 |   334 |   207 ||   693
